 Dungeon Crawl Stone Soup version 0.31-a0-217-g58bb5d79cf (webtiles) character file.

Game seed: 12436467036520421694

128597 qw the Severer (level 17, -3/115 HPs)
             Began as a Gargoyle Fighter on July 2, 2023.
             Was an Elder of Okawaru.
             Slain by a sun demon (5 damage)
             ... on level 2 of the Abyss.
             The game lasted 00:16:56 (24110 turns).

qw the Severer (Gargoyle Fighter)                  Turns: 24110, Time: 00:16:56

Health: -3/115     AC: 37    Str: 30      XL:     17   Next: 3%
Magic:  22/24      EV: 17    Int:  5 (7)  God:    Okawaru [****..]
Gold:   87         SH: 20    Dex: 13      Spells: 16/16 levels left

rFire   + . .        I - +0 morningstar (freeze)
rCold   . . .        u - +0 tower shield
rNeg    + . .        y - +0 plate armour {rF+}
rPois   inf          p - +2 hood of the Assassin {Detect Stab+ Stlth++}
rElec   +            m - +2 cloak
rCorr   .            q - +2 pair of gloves
SInv    .            b - +2 pair of boots {Fly}
Will    +....        e - amulet of faith Stlth
                     f - +5 ring of evasion
HPRegen 0.39/turn    z - +6 ring of strength
MPRegen 0.19/turn

%: faith
@: about to teleport, heroic, flying
A: sickness immunity, AC +12, big wings, negative energy resistance 1,
electricity resistance, torment resistance 1, petrification resistance, agile 1,
deformed body, dopey 2, evolution 1, subdued magic 1, inability to read after
injury 1
a: Renounce Religion, Heroism, Finesse


You were on level 2 of the Abyss.
You worshipped Okawaru.
Okawaru was greatly pleased with you.
You visited 4 branches of the dungeon, and saw 23 of its levels.
You visited the Abyss 2 times.

You collected 2426 gold pieces.
You spent 2339 gold pieces at shops.


Innate Abilities, Weirdness & Mutations

You are immune to sickness and miasma.
Your stone body is resilient. (AC +12)
You are immune to poison.
Your large and strong wings let you fly.
You resist negative energy. (rN+)
You are resistant to electric shocks. (rElec)
You are resistant to unholy torment.
You are immune to petrification.
You are agile. (Dex +4, Str/Int -1)
Armour fits poorly on your strangely shaped body.
You are very dopey. (Int -4)
You have hidden genetic potential.
Your spells are a little easier to cast, but a little less powerful.
You occasionally lose the ability to read scrolls when taking damage.


   Skills:
 - Level 16.0(21.0) Fighting
 - Level 16.0(21.0) Axes
 - Level 8.3(13.3) Throwing
 - Level 10.0(15.0) Armour
 - Level 6.3(11.3) Dodging
 + Level 13.3(18.3) Shields
 - Level 10.2 Invocations


You had 16 spell levels left.
You didn't know any spells.
Your spell library was empty.

Inventory:

Hand Weapons
 r - a +3 broad axe
 I - a +0 morningstar of freezing (weapon)
Missiles
 c - 6 silver boomerangs (quivered)
 B - 11 boomerangs
Armour
 b - a +2 pair of boots of flying (worn)
 m - a +2 cloak (worn)
 p - the +2 hood of the Assassin (worn) {Detect Stab+ Stlth++}
   (Okawaru gifted it to you on level 2 of the Lair of Beasts)

   Detect:    It allows the wearer to sense nearby creatures.
   Stab+:     It allows the wearer to make particularly effective stabbing
   attacks against helpless or unaware enemies with any weapon.
   Stlth:     It makes you much more stealthy.
 q - a +2 pair of gloves (worn)
 u - a +0 tower shield (worn)
 v - the +7 Kryia's mail coat {PotionHeal*2 rC+}
   (You found it on level 4 of the Dungeon)

   PotionHeal*2: Potions heal its wearer twice as much.
   rC:        It protects you from cold.
 y - a +0 plate armour of fire resistance (worn)
 A - the +5 ring mail of Terrible Miracles {rPois rCorr}
   (You found it on level 12 of the Dungeon)

   rPois:     It protects you from poison.
   rCorr:     It protects you from acid and corrosion.
 F - a +2 plate armour of willpower
Jewellery
 e - an amulet of faith (around neck)
 f - a +5 ring of evasion (left hand)
 w - an amulet of reflection
 z - a +6 ring of strength (right hand)
 C - a ring of fire
Wands
 t - a wand of digging (3)
Scrolls
 i - 10 scrolls of teleportation
 k - 3 scrolls of identify
Potions
 a - 2 potions of attraction
 d - 6 potions of might
 h - 4 potions of haste
 j - a potion of lignification
 l - 2 potions of resistance
 n - 5 potions of mutation
 o - 2 potions of enlightenment
 s - 7 potions of curing
 x - 3 potions of cancellation
 E - 2 potions of magic

Dungeon Overview and Level Annotations

Branches:
Dungeon (15/15)            Temple (1/1) D:6            Lair (5/5) D:8
 Shoals (0/4) Lair:3       Spider (0/4) Lair:2        Slime (0/5) Lair:4
    Orc (2/2) D:10            Elf (0/3) Orc:2        Vaults (0/5) D:13
 Depths (0/4) D:15

Altars:
Ashenzari
Cheibriados
Dithmenos
Elyvilon
Fedhas
Gozag
Hepliaklqana
Kikubaaqudgha
Makhleb
Nemelex Xobeh
Okawaru
Qazlal
Ru
Sif Muna
Trog
Uskayaw
Vehumet
Wu Jian
Xom
Yredelemnul
Zin
The Shining One
Jiyva

Shops:
D:3 *   D:4 [   D:5 [(=?*   D:13 ?   D:14 *   Orc:1 ?   Orc:2 *([

Portals:
Hell: Lair:5

Annotations:
D:3 1 runed translucent door, Crazy Yiuf, Terence
D:8 exclusion: 6 centaurs
D:12 3 runed translucent doors, qw's ghost, journeyman GrFi
D:13 1 runed translucent door
Lair:2 exclusion: killer bee
Lair:4 1 runed translucent door


Message History

You miss the raiju. The neqoxec gestures at you.
Strange energies course through your body.
Your body twists and deforms.
A sun demon comes into view.
You hit the raiju.
The raiju is lightly wounded.
The raiju misses you.
24103 ||| SWAPPING to +0 morningstar of freezing.
Your +0 morningstar of freezing glows with a cold blue light!
I - a +0 morningstar of freezing (weapon)
You block the raiju's attack.
You puncture the raiju! You freeze the raiju.
The raiju is heavily wounded.
The neqoxec gestures at you.
Strange energies course through your body.
You occasionally lose the ability to read scrolls when taking damage.
You bludgeon the raiju!! You freeze the raiju.
You kill the raiju!
Okawaru accepts your kill.
You barely miss the neqoxec.
You feel like a meek peon again.
A large abomination comes into view.
The neqoxec gestures at you.
Strange energies course through your body.
Your connection to magic feels subdued.
24107 ||| INVOKING Heroism.
You gain the combat prowess of a mighty hero.
You block the four-headed hydra skeleton's attack. x4
You hit the sun demon. You freeze the sun demon.
The sun demon is lightly wounded.
You block the sun demon's attack.
You closely miss the sun demon.
The sun demon is lightly wounded.
You block the four-headed hydra skeleton's attack. x4
The sun demon misses you.
You hit the sun demon. You freeze the sun demon.
The sun demon is lightly wounded.
The sun demon hits you!
You are engulfed in flames.
You resist.
You die...

. # ### # # # .
...# ... .# ... .
# .###### #.....
#...## {X. . .
#..Z#.##. ## . .
# .##.@#.8#
..#.....#33.#####
. ..#... ...%%(.
.# ....#
##.#¤.####.. ..
....#..# ¤ .
#.....# # . ..#.
.. .. ..... . . #
.


You could see a sun demon, a neqoxec and a four-headed hydra skeleton.

Vanquished Creatures
  A profane servitor (Abyss:2)
  Rupert (D:15)
  2 tentacled starspawn (Abyss:2)
  A tengu reaver (D:13)
  Louise (D:15)
  A fire giant (D:13)
  A frost giant (D:15)
  A deep elf elementalist (Abyss:2)
  An orc warlord (Orc:1)
  A very ugly thing (D:13)
  A cacodemon (Abyss:2)
  A lorocyproca (Abyss:2)
  A yellow draconian (Abyss:2)
  Azrael (D:15)
  3 ettins (D:13)
  A rakshasa (D:15)
  Harold (Lair:1)
  An ice dragon (D:13)
  Erica (Orc:1)
  7 hydras
  5 ogre magi
  8 centaur warriors
  9 boulder beetles
  5 catoblepae
  9 two-headed ogres
  8 death yaks
  3 tengu warriors (D:15)
  A deep elf knight (Orc:1)
  3 orc high priests
  A sun demon (Lair:5)
  A wretched star (Abyss:2)
  A skyshark (Lair:4)
  2 flayed ghosts (D:13)
  A sixfirhy (Abyss:2)
  2 lindwurms
  A deep troll (D:13)
  3 wizards
  7 deep elf pyromancers
  4 orc knights
  3 phantasmal warriors (D:13)
  Pikel (D:7)
  A deep elf zephyrmancer (Orc:1)
  7 ugly things
  5 orc sorcerers
  6 manticores
  A wolf spider (D:15)
  6 cyclopes
  Maurice (Orc:1)
  A stone giant zombie (Abyss:2)
  A worldbinder (Abyss:2)
  A black mamba (shapeshifter) (Abyss:2)
  7 elephants
  A naga zombie (Abyss:2)
  Joseph (D:9)
  7 black mambas
  A torpor snail (Lair:5)
  An emperor scorpion simulacrum (Abyss:2)
  2 orange demons
  3 gargoyles
  Maggie (D:7)
  2 smoke demons (Abyss:2)
  An unseen horror (D:12)
  12 cane toads
  2 kobold demonologists (D:10)
  3 rime drakes
  10 komodo dragons
  3 red devils (Lair:5)
  2 ice devils (Lair:5)
  An ancient zyme (Abyss:2)
  2 meliai
  8 trolls
  A hornet (D:13)
  2 polar bears (Lair:4)
  3 hellwings
  12 blink frogs
  13 raiju (Abyss:2)
  A centaur simulacrum (D:10)
  A shadow (D:13)
  5 wyverns
  A vampire (D:10)
  A ynoxinul (Abyss:2)
  4 fire elementals (D:15)
  53 yaks
  4 large abominations (Abyss:2)
  9 basilisks
  2 wraiths
  A steam dragon (D:7)
  7 vampire mosquitoes
  A basilisk (shapeshifter) (D:15)
  3 neqoxecs (Abyss:2)
  A warg (Orc:1)
  3 acid dragons
  23 water moccasins
  6 hell hounds
  2 ice beasts
  2 sky beasts
  30 orc warriors
  4 boggarts (Lair:5)
  2 black bears (Lair:5)
  5 ogres
  22 wolves
  9 centaurs
  2 lemures (D:7)
  A phantom (D:6)
  13 kobold brigands
  A scorpion (D:7)
  15 bullfrogs
  A gnoll sergeant (D:9)
  14 killer bees
  2 electric eels (Lair:3)
  5 howler monkeys
  4 crimson imps (Abyss:2)
  A jelly (D:4)
  2 hounds
  5 small abominations (Abyss:2)
  10 orc priests
  2 gnoll boudas
  An iron imp (Abyss:2)
  4 sleepcaps
  Ijyb (D:5)
  3 iguanas
  16 orc wizards
  2 hell rats (D:8)
  13 gnolls
  9 adders
  A shadow imp (D:7)
  3 white imps
  4 ufetubi
  4 worms
  3 dart slugs
  60 orcs
  6 ball pythons
  5 endoplasms
  3 giant cockroaches (D:1)
  3 goblins
  3 hobgoblins
  4 jackals (D:1)
  21 kobolds
  3 quokkas
  6 bats
  3 frilled lizards
  7 rats
  3 starspawn tentacles (Abyss:2)
709 creatures vanquished.

Vanquished Creatures (others)
  5 starspawn tentacles (Abyss:2)
5 creatures vanquished.

Grand Total: 714 creatures vanquished

Notes
Turn   | Place    | Note
-------+----------+-------------------------------------------
     0 | D:1      | qw the Gargoyle Fighter began the quest for the Orb.
     0 | D:1      | Reached XP level 1. HP: 14/14 MP: 1/1
     0 | D:1      | 0 ||| qw: Version: 0.3-a-40-ge99b1a8
     0 | D:1      | 0 ||| qw: Game counter: 7966
     0 | D:1      | 0 ||| qw: Melee chars always use a shield: true
     0 | D:1      | 0 ||| qw: God list: Okawaru
     0 | D:1      | 0 ||| qw: Allow faded altars: false
     0 | D:1      | 0 ||| qw: Do Orc after clearing Dungeon:15 true
     0 | D:1      | 0 ||| qw: Do second Lair branch before Depths: true
     0 | D:1      | 0 ||| qw: Lair rune preference: random
     0 | D:1      | 0 ||| qw: Goals: Normal, Zot:1-4, Slime:5, God:TSO, Crypt,
                  | Tomb, Abyss, Pan, Hells, Win
     0 | D:1      | 0 ||| PLANNING D:1-11
   116 | D:1      | Reached XP level 2. HP: 19/19 MP: 2/2
   221 | D:1      | 221 ||| Stepping ~*~*~tactically~*~*~ (stealth).
   292 | D:1      | Reached skill level 3 in Axes
   334 | D:1      | Reached XP level 3. HP: 23/23 MP: 3/3
   360 | D:1      | 360 ||| Stepping ~*~*~tactically~*~*~ (hiding).
   659 | D:1      | 659 ||| DROPPING +6 ring of intelligence.
   660 | D:1      | 660 ||| DROPPING ring of magical power.
   661 | D:1      | 661 ||| READING scroll labelled YHELADAAFIG.
   662 | D:1      | 662 ||| READING scroll labelled SIOVVY MITY.
   663 | D:1      | 663 ||| READING scroll labelled JUUSYLIMUI.
   664 | D:1      | 664 ||| DRINKING 2 sapphire potions.
   786 | D:2      | 786 ||| Stepping ~*~*~tactically~*~*~ (stealth).
   836 | D:2      | Found a faded altar of an unknown god.
  1040 | D:2      | Reached XP level 4. HP: 27/28 MP: 4/4
  1329 | D:2      | 1329 ||| UPGRADING to +0 chain mail.
  1339 | D:2      | 1339 ||| DROPPING +0 scale mail.
  1340 | D:2      | 1340 ||| READING scroll labelled WIL RUARUOQEM.
  1341 | D:2      | 1341 ||| READING scroll labelled QOCHIT PESEMA.
  1342 | D:2      | 1342 ||| READING 3 scrolls labelled BUAWUNIDYKH.
  1343 | D:2      | 1343 ||| DROPPING 2 scrolls of revelation.
  1379 | D:3      | 1379 ||| Stepping ~*~*~tactically~*~*~ (stealth).
  1380 | D:3      | 1380 ||| Stepping ~*~*~tactically~*~*~ (stealth).
  1405 | D:3      | 1405 ||| DROPPING +0 club.
  1426 | D:3      | 1426 ||| Stepping ~*~*~tactically~*~*~ (stealth).
  1552 | D:3      | Found a sparkling altar of Nemelex Xobeh.
  1572 | D:3      | Found Uliaz's Assorted Antiques.
  1583 | D:3      | 1583 ||| SHOPLISTING distressingly furry chain mail (228
                  | gold, have 165).
  1583 | D:3      | 1583 ||| SHOPLISTING plate armour (552 gold, have 165).
  1583 | D:3      | 1583 ||| BUYING scroll labelled CEAKEPL FOJE (24 gold).
  1583 | D:3      | Bought a scroll labelled CEAKEPL FOJE for 24 gold pieces
  1583 | D:3      | 1583 ||| BUYING scroll labelled OZOICE GARIQU (24 gold).
  1583 | D:3      | Bought a scroll labelled OZOICE GARIQU for 24 gold pieces
  1583 | D:3      | 1583 ||| BUYING silver wand (96 gold).
  1583 | D:3      | Bought a silver wand for 96 gold pieces
  1744 | D:3      | Found a runed translucent door.
  1745 | D:3      | Noticed Crazy Yiuf
  1882 | D:3      | 1882 ||| Stepping ~*~*~tactically~*~*~ (hiding).
  2099 | D:3      | Noticed Terence
  2100 | D:3      | 2100 ||| Stepping ~*~*~tactically~*~*~ (stealth).
  2101 | D:3      | 2101 ||| Stepping ~*~*~tactically~*~*~ (stealth).
  2152 | D:3      | 2152 ||| UPGRADING to +1 cloak.
  2157 | D:3      | 2157 ||| UPGRADING to +0 pair of boots.
  2162 | D:3      | 2162 ||| UPGRADING to +1 pair of gloves.
  2167 | D:3      | 2167 ||| UPGRADING to +0 plate armour.
  2177 | D:3      | 2177 ||| DROPPING +0 chain mail.
  2178 | D:3      | 2178 ||| UPGRADING to +5 ring of evasion.
  2179 | D:3      | 2179 ||| READING scroll labelled CEAKEPL FOJE.
  2180 | D:3      | 2180 ||| READING scroll labelled OZOICE GARIQU.
  2281 | D:3      | 2281 ||| READING scroll labelled PAARGHATO SEXOPH.
  2282 | D:3      | 2282 ||| DRINKING 3 dark potions.
  2422 | D:4      | 2422 ||| Stepping ~*~*~tactically~*~*~ (hiding).
  2425 | D:4      | 2425 ||| Stepping ~*~*~tactically~*~*~ (stealth).
  2434 | D:4      | Reached XP level 5. HP: 30/32 MP: 5/5
  2521 | D:4      | Found a blossoming altar of Fedhas.
  2565 | D:4      | Found Loifiok's Armour Emporium.
  2575 | D:4      | 2575 ||| SHOPLISTING +1 pair of boots "Xewusue" {rF+ rN++
                  | Will+ Dex-3} (399 gold, have 50).
  2692 | D:4      | Found the +7 Kryia's mail coat {PotionHeal*2 rC+}
  2855 | D:4      | 2855 ||| DRINKING 4 potions of curing.
  2855 | D:4      | 2855 ||| (to cure confusion)
  2889 | D:4      | Reached XP level 6. HP: 33/38 MP: 6/6
  3099 | D:4      | 3099 ||| UPGRADING to +7 Kryia's mail coat {PotionHeal*2
                  | rC+}.
  3109 | D:4      | 3109 ||| READING scroll labelled UQAEXZ FIBLYED.
  3110 | D:4      | 3110 ||| READING scroll labelled UMEUL WAWU.
  3111 | D:4      | 3111 ||| DRINKING 2 golden potions.
  3112 | D:4      | 3112 ||| DRINKING 2 ruby potions.
  3142 | D:4      | 3142 ||| READING 2 scrolls of identify.
  3142 | D:4      | 3142 ||| IDENTIFYING amethyst potion
  3143 | D:4      | 3143 ||| DROPPING potion of brilliance.
  3163 | D:5      | Entered Level 5 of the Dungeon
  3208 | D:5      | 3208 ||| READING scroll of enchant weapon.
  3208 | D:5      | 3208 ||| ENCHANTING +1 war axe.
  3275 | D:5      | Found Bosh's Assorted Antiques.
  3281 | D:5      | 3281 ||| SHOPLISTING bone wand (116 gold, have 102).
  3281 | D:5      | 3281 ||| SHOPLISTING helmet (130 gold, have 102).
  3281 | D:5      | 3281 ||| BUYING metallic coppery potion (26 gold).
  3281 | D:5      | Bought a metallic coppery potion for 26 gold pieces
  3281 | D:5      | 3281 ||| BUYING scroll of identify (58 gold).
  3281 | D:5      | Bought a scroll of identify for 58 gold pieces
  3281 | D:5      | 3281 ||| SHOPLISTING scroll of identify (58 gold, have 18).
  3305 | D:5      | Found Joelaoze's Jewellery Shoppe.
  3310 | D:5      | 3310 ||| SHOPLISTING +5 ring of evasion (468 gold, have
                  | 18).
  3310 | D:5      | 3310 ||| SHOPLISTING amulet of faith (520 gold, have 18).
  3310 | D:5      | 3310 ||| SHOPLISTING amulet of the acrobat (390 gold, have
                  | 18).
  3310 | D:5      | 3310 ||| SHOPLISTING ring of protection from cold (325
                  | gold, have 18).
  3310 | D:5      | 3310 ||| SHOPLISTING ring of resist corrosion (260 gold,
                  | have 18).
  3322 | D:5      | 3322 ||| Stepping ~*~*~tactically~*~*~ (stealth).
  3327 | D:5      | 3327 ||| Stepping ~*~*~tactically~*~*~ (stealth).
  3362 | D:5      | Reached skill level 1 in Dodging
  3511 | D:5      | Noticed Ijyb
  3512 | D:5      | 3512 ||| DRINKING 3 potions of curing.
  3512 | D:5      | 3512 ||| (to cure confusion)
  3515 | D:5      | 3515 ||| DRINKING 2 potions of curing.
  3515 | D:5      | 3515 ||| (to cure confusion)
  3523 | D:5      | 3523 ||| DRINKING potion of curing.
  3523 | D:5      | 3523 ||| (to cure confusion)
  3526 | D:5      | Killed Ijyb
  3676 | D:5      | Found Hamiby Rodd's Weapon Shoppe.
  3684 | D:5      | 3684 ||| SHOPLISTING +3 war axe of Crystal {holy, rN+ MP+9
                  | Int+2} (834 gold, have 19).
  3723 | D:5      | Found Asmahyaf's Magic Scroll Shoppe.
  3732 | D:5      | 3732 ||| SHOPLISTING scroll of identify (24 gold, have 19).
  3802 | D:5      | Found Ycake Hor's Armour Boutique.
  3824 | D:5      | 3824 ||| DROPPING orb of guile.
  3825 | D:5      | 3825 ||| UPGRADING to amulet of faith.
  3830 | D:5      | 3830 ||| READING scroll labelled XOSOAC BOSIE.
  3831 | D:5      | 3831 ||| DRINKING 2 blue potions.
  3831 | D:5      | Gained mutation: You are agile. (Dex +4, Str/Int -1)
                  | [potion of mutation]
  3832 | D:5      | 3832 ||| READING 2 scrolls of identify.
  3832 | D:5      | 3832 ||| IDENTIFYING metallic coppery potion
  3887 | D:6      | Noticed an ice beast
  3895 | D:6      | Reached skill level 6 in Axes
  3897 | D:6      | Killed an ice beast
  3898 | D:6      | Reached XP level 7. HP: 43/43 MP: 7/7
  3937 | D:6      | Found a glowing golden altar of the Shining One.
  4043 | D:6      | 4043 ||| READING scroll of enchant armour.
  4043 | D:6      | 4043 ||| ENCHANTING +1 pair of gloves.
  4143 | D:6      | 4143 ||| Stepping ~*~*~tactically~*~*~ (hiding).
  4174 | D:6      | 4174 ||| Stepping ~*~*~tactically~*~*~ (hiding).
  4187 | D:6      | Reached XP level 8. HP: 42/49 MP: 8/8
  4203 | D:6      | 4203 ||| Stepping ~*~*~tactically~*~*~ (stealth).
  4204 | D:6      | 4204 ||| Stepping ~*~*~tactically~*~*~ (stealth).
  4245 | D:6      | Found a staircase to the Ecumenical Temple.
  4246 | D:6      | 4246 ||| PLANNING TEMPLE
  4254 | Temple   | Entered the Ecumenical Temple
  4300 | Temple   | 4300 ||| PLANNING OKAWARU WORSHIP
  4443 | Temple   | Became a worshipper of Warmaster Okawaru
  4444 | Temple   | 4444 ||| PLANNING D:1-11
  4497 | D:6      | Found a hazy altar of Hepliaklqana.
  4667 | D:7      | 4667 ||| Stepping ~*~*~tactically~*~*~ (stealth).
  4697 | D:7      | Reached * piety under Okawaru
  4698 | D:7      | Reached skill level 6 in Fighting
  4760 | D:7      | 4760 ||| Stepping ~*~*~tactically~*~*~ (hiding).
  4761 | D:7      | 4761 ||| Stepping ~*~*~tactically~*~*~ (hiding).
  4775 | D:7      | Reached skill level 1 in Invocations
  4787 | D:7      | Found a shadowy altar of Dithmenos.
  4791 | D:7      | Found a sacrificial altar of Ru.
  4901 | D:7      | Noticed Pikel
  4902 | D:7      | 4902 ||| INVOKING Heroism.
  4911 | D:7      | Noticed Maggie
  4917 | D:7      | Killed Pikel
  4917 | D:7      | Reached ** piety under Okawaru
  4918 | D:7      | Reached XP level 9. HP: 55/55 MP: 8/12
  4924 | D:7      | 4924 ||| INVOKING Heroism.
  4937 | D:7      | Killed Maggie
  4938 | D:7      | Reached skill level 9 in Axes
  5063 | D:7      | Reached *** piety under Okawaru
  5259 | D:7      | 5259 ||| INVOKING Heroism.
  5366 | D:7      | 5366 ||| DRINKING 2 metallic silvery potions.
  5471 | D:7      | 5471 ||| READING 2 scrolls of identify.
  5471 | D:7      | 5471 ||| IDENTIFYING pink potion
  5472 | D:7      | 5472 ||| DROPPING potion of invisibility.
  5473 | D:7      | 5473 ||| DROPPING potion of berserk rage.
  5504 | D:8      | 5504 ||| PLANNING OSSUARY
  5563 | D:8      | 5563 ||| Stepping ~*~*~tactically~*~*~ (hiding).
  5571 | D:8      | 5571 ||| Stepping ~*~*~tactically~*~*~ (stealth).
  5691 | D:8      | 5691 ||| Stepping ~*~*~tactically~*~*~ (stealth).
  5695 | D:8      | Noticed a death yak
  5696 | D:8      | Noticed a death yak
  5696 | D:8      | 5696 ||| Stepping ~*~*~tactically~*~*~ (hiding).
  5698 | D:8      | 5698 ||| INVOKING Heroism.
  5716 | D:8      | Noticed a death yak
  5717 | D:8      | Noticed a cyclops
  5718 | D:8      | Reached **** piety under Okawaru
  5719 | D:8      | 5719 ||| Stepping ~*~*~tactically~*~*~ (hiding).
  5722 | D:8      | 5722 ||| INVOKING Heroism.
  5740 | D:8      | Killed a death yak
  5741 | D:8      | Reached XP level 10. HP: 43/63 MP: 13/13
  5748 | D:8      | 5748 ||| INVOKING Heroism.
  5755 | D:8      | Killed a death yak
  5757 | D:8      | Found a staircase to the Lair.
  5763 | D:8      | Killed a cyclops
  5763 | D:8      | Reached ***** piety under Okawaru
  5763 | D:8      | Received a gift from Okawaru
  5764 | D:8      | 5764 ||| INVOKING Finesse.
  5772 | D:8      | 5772 ||| FLEEEEING.
  5775 | D:8      | 5775 ||| FLEEEEING.
  5776 | D:8      | 5776 ||| FLEEEEING.
  5777 | D:8      | 5777 ||| FLEEEEING.
  5778 | D:8      | 5778 ||| FLEEEEING.
  5779 | D:8      | 5779 ||| FLEEEEING.
  5780 | D:8      | 5780 ||| FLEEEEING.
  5781 | D:8      | 5781 ||| FLEEEEING.
  5782 | D:8      | 5782 ||| FLEEEEING.
  5783 | D:8      | 5783 ||| FLEEEEING.
  5784 | D:8      | 5784 ||| FLEEEEING.
  5785 | D:8      | 5785 ||| FLEEEEING.
  5786 | D:8      | 5786 ||| FLEEEEING.
  5787 | D:8      | 5787 ||| FLEEEEING.
  5788 | D:8      | 5788 ||| FLEEEEING.
  5789 | D:8      | 5789 ||| FLEEEEING.
  5790 | D:8      | 5790 ||| FLEEEEING.
  5791 | D:8      | 5791 ||| FLEEEEING.
  5792 | D:8      | 5792 ||| FLEEEEING.
  5793 | D:8      | 5793 ||| FLEEEEING.
  5794 | D:8      | 5794 ||| FLEEEEING.
  5795 | D:8      | 5795 ||| FLEEEEING.
  5796 | D:8      | 5796 ||| FLEEEEING.
  5797 | D:8      | 5797 ||| FLEEEEING.
  5798 | D:8      | 5798 ||| FLEEEEING.
  5799 | D:8      | 5799 ||| FLEEEEING.
  5800 | D:8      | 5800 ||| FLEEEEING.
  5801 | D:8      | 5801 ||| FLEEEEING.
  5802 | D:8      | 5802 ||| FLEEEEING.
  5803 | D:8      | 5803 ||| FLEEEEING.
  5804 | D:8      | 5804 ||| FLEEEEING.
  5805 | D:8      | 5805 ||| INVOKING Heroism.
  5831 | D:8      | 5831 ||| INVOKING Heroism.
  5834 | D:8      | Killed a death yak
  5835 | D:8      | Reached skill level 6 in Invocations
  6064 | D:8      | 6064 ||| Stepping ~*~*~tactically~*~*~ (stealth).
  6072 | D:8      | Identified the +1 pair of gloves of Eppoog {rN+} (Okawaru
                  | gifted it to you on level 8 of the Dungeon)
  6072 | D:8      | Received a gift from Okawaru
  6311 | D:8      | 6311 ||| RIP OSSUARY
  6370 | D:8      | 6370 ||| PLANNING LAIR
  6370 | D:8      | 6370 ||| DROPPING +1 pair of gloves of Eppoog {rN+}.
  6412 | D:8      | 6412 ||| Stepping ~*~*~tactically~*~*~ (stealth).
  6419 | Lair:1   | Entered Level 1 of the Lair of Beasts
  6420 | Lair:1   | 6420 ||| INVOKING Heroism.
  6472 | Lair:1   | Noticed an elephant
  6472 | Lair:1   | Noticed an elephant
  6473 | Lair:1   | 6473 ||| INVOKING Heroism.
  6473 | Lair:1   | Noticed an elephant
  6473 | Lair:1   | Noticed an elephant
  6477 | Lair:1   | Noticed an elephant
  6478 | Lair:1   | Noticed an elephant
  6494 | Lair:1   | Killed an elephant
  6495 | Lair:1   | Reached XP level 11. HP: 35/68 MP: 16/16
  6509 | Lair:1   | 6509 ||| INVOKING Heroism.
  6540 | Lair:1   | Reached skill level 9 in Fighting
  6556 | Lair:1   | Reached skill level 9 in Invocations
  6724 | Lair:1   | 6724 ||| INVOKING Heroism.
  6792 | Lair:1   | Noticed a catoblepas
  6793 | Lair:1   | 6793 ||| INVOKING Heroism.
  6799 | Lair:1   | Reached skill level 3 in Dodging
  6880 | Lair:1   | 6880 ||| INVOKING Heroism.
  6884 | Lair:1   | Noticed Harold
  6910 | Lair:1   | Received a gift from Okawaru
  6921 | Lair:1   | Killed Harold
  6962 | Lair:1   | 6962 ||| INVOKING Heroism.
  6998 | Lair:1   | 6998 ||| INVOKING Heroism.
  7017 | Lair:1   | Killed a catoblepas
  7214 | Lair:1   | 7214 ||| READING scroll of enchant weapon.
  7214 | Lair:1   | 7214 ||| ENCHANTING +2 war axe.
  7257 | Lair:1   | 7257 ||| READING scroll of enchant weapon.
  7257 | Lair:1   | 7257 ||| ENCHANTING +3 war axe.
  7450 | Lair:1   | 7450 ||| UPGRADING to +1 pair of boots.
  7460 | Lair:1   | 7460 ||| DROPPING +0 pair of boots.
  7461 | Lair:1   | 7461 ||| UPGRADING to +6 ring of strength.
  7462 | Lair:1   | 7462 ||| READING scroll labelled PUOLI TACIARO.
  7508 | Lair:1   | 7508 ||| READING 3 scrolls labelled DUTYAX NUNIHO.
  7509 | Lair:1   | 7509 ||| DRINKING 2 white potions.
  7510 | Lair:1   | 7510 ||| READING 4 scrolls of identify.
  7510 | Lair:1   | 7510 ||| IDENTIFYING viscous ruby potion
  7511 | Lair:1   | 7511 ||| READING 3 scrolls of identify.
  7511 | Lair:1   | 7511 ||| IDENTIFYING glowing emerald potion
  7512 | Lair:1   | 7512 ||| DROPPING 2 scrolls of amnesia.
  7559 | Lair:2   | 7559 ||| INVOKING Heroism.
  7567 | Lair:2   | Reached skill level 12 in Axes
  7607 | Lair:2   | Reached XP level 12. HP: 76/76 MP: 19/19
  7608 | Lair:2   | 7608 ||| INVOKING Heroism.
  7628 | Lair:2   | Reached skill level 6 in Shields
  7743 | Lair:2   | Noticed a catoblepas
  7744 | Lair:2   | 7744 ||| Stepping ~*~*~tactically~*~*~ (stealth).
  7747 | Lair:2   | 7747 ||| INVOKING Heroism.
  7748 | Lair:2   | 7748 ||| INVOKING Finesse.
  7758 | Lair:2   | Killed a catoblepas
  7817 | Lair:2   | Noticed a death yak
  7817 | Lair:2   | Noticed a death yak
  7817 | Lair:2   | Noticed a death yak
  7818 | Lair:2   | 7818 ||| Stepping ~*~*~tactically~*~*~ (hiding).
  7819 | Lair:2   | 7819 ||| INVOKING Heroism.
  7820 | Lair:2   | 7820 ||| INVOKING Finesse.
  7831 | Lair:2   | Killed a death yak
  7832 | Lair:2   | Reached skill level 3 in Throwing
  7839 | Lair:2   | Killed a death yak
  7840 | Lair:2   | Reached skill level 6 in Armour
  7844 | Lair:2   | Killed a death yak
  7844 | Lair:2   | Received a gift from Okawaru
  7848 | Lair:2   | 7848 ||| Stepping ~*~*~tactically~*~*~ (stealth).
  8118 | Lair:2   | Found a hide-covered altar of Uskayaw.
  8177 | Lair:2   | 8177 ||| READING scroll labelled VUUMAJ OLLIU.
  8195 | Lair:2   | Noticed a seven-headed hydra
  8196 | Lair:2   | 8196 ||| Stepping ~*~*~tactically~*~*~ (hiding).
  8197 | Lair:2   | 8197 ||| INVOKING Heroism.
  8198 | Lair:2   | 8198 ||| INVOKING Finesse.
  8208 | Lair:2   | 8208 ||| SWAPPING to +0 flail of protection.
  8209 | Lair:2   | Received a gift from Okawaru
  8209 | Lair:2   | Found the +2 hood of the Assassin {Detect Stab+ Stlth++}
  8224 | Lair:2   | Killed a seven-headed hydra
  8225 | Lair:2   | 8225 ||| SWAPPING to +4 war axe.
  8505 | Lair:2   | Found a hole to the Spider Nest.
  8632 | Lair:2   | 8632 ||| Stepping ~*~*~tactically~*~*~ (stealth).
  8795 | Lair:2   | 8795 ||| UPGRADING to +2 hood of the Assassin {Detect Stab+
                  | Stlth++}.
  8821 | Lair:3   | 8821 ||| INVOKING Heroism.
  8990 | Lair:3   | 8990 ||| Stepping ~*~*~tactically~*~*~ (stealth).
  8992 | Lair:3   | 8992 ||| Stepping ~*~*~tactically~*~*~ (stealth).
  8994 | Lair:3   | 8994 ||| Stepping ~*~*~tactically~*~*~ (stealth).
  8996 | Lair:3   | 8996 ||| Stepping ~*~*~tactically~*~*~ (stealth).
  9071 | Lair:3   | 9071 ||| Stepping ~*~*~tactically~*~*~ (stealth).
  9179 | Lair:3   | 9179 ||| INVOKING Heroism.
  9202 | Lair:3   | 9202 ||| Stepping ~*~*~tactically~*~*~ (stealth).
  9204 | Lair:3   | 9204 ||| Stepping ~*~*~tactically~*~*~ (stealth).
  9243 | Lair:3   | 9243 ||| Stepping ~*~*~tactically~*~*~ (stealth).
  9245 | Lair:3   | 9245 ||| Stepping ~*~*~tactically~*~*~ (stealth).
  9247 | Lair:3   | 9247 ||| Stepping ~*~*~tactically~*~*~ (stealth).
  9249 | Lair:3   | 9249 ||| Stepping ~*~*~tactically~*~*~ (stealth).
  9251 | Lair:3   | 9251 ||| Stepping ~*~*~tactically~*~*~ (stealth).
  9253 | Lair:3   | 9253 ||| Stepping ~*~*~tactically~*~*~ (stealth).
  9255 | Lair:3   | 9255 ||| Stepping ~*~*~tactically~*~*~ (stealth).
  9257 | Lair:3   | 9257 ||| Stepping ~*~*~tactically~*~*~ (stealth).
  9307 | Lair:3   | 9307 ||| Stepping ~*~*~tactically~*~*~ (stealth).
  9310 | Lair:3   | 9310 ||| Stepping ~*~*~tactically~*~*~ (stealth).
  9325 | Lair:3   | 9325 ||| INVOKING Heroism.
  9347 | Lair:3   | 9347 ||| INVOKING Heroism.
  9510 | Lair:3   | 9510 ||| Stepping ~*~*~tactically~*~*~ (stealth).
  9520 | Lair:3   | Reached XP level 13. HP: 82/82 MP: 20/20
  9583 | Lair:3   | 9583 ||| DROPPING +0 flail of protection.
  9630 | Lair:3   | Found the +11 Singing Sword {sonic wave}
  9973 | Lair:3   | Found a staircase to the Shoals.
 10041 | Lair:3   | 10041 ||| Stepping ~*~*~tactically~*~*~ (hiding).
 10045 | Lair:3   | 10045 ||| INVOKING Heroism.
 10048 | Lair:3   | 10048 ||| Stepping ~*~*~tactically~*~*~ (stealth).
 10199 | Lair:4   | 10199 ||| Stepping ~*~*~tactically~*~*~ (stealth).
 10201 | Lair:4   | 10201 ||| Stepping ~*~*~tactically~*~*~ (stealth).
 10216 | Lair:4   | 10216 ||| Stepping ~*~*~tactically~*~*~ (stealth).
 10223 | Lair:4   | 10223 ||| Stepping ~*~*~tactically~*~*~ (stealth).
 10354 | Lair:4   | Received a gift from Okawaru
 10417 | Lair:4   | 10417 ||| Stepping ~*~*~tactically~*~*~ (stealth).
 10419 | Lair:4   | 10419 ||| Stepping ~*~*~tactically~*~*~ (stealth).
 10421 | Lair:4   | 10421 ||| Stepping ~*~*~tactically~*~*~ (stealth).
 10423 | Lair:4   | 10423 ||| Stepping ~*~*~tactically~*~*~ (stealth).
 10425 | Lair:4   | 10425 ||| Stepping ~*~*~tactically~*~*~ (stealth).
 10427 | Lair:4   | 10427 ||| Stepping ~*~*~tactically~*~*~ (stealth).
 10429 | Lair:4   | 10429 ||| Stepping ~*~*~tactically~*~*~ (stealth).
 10461 | Lair:4   | Found a runed translucent door.
 10497 | Lair:4   | Found a viscous altar of Jiyva.
 10500 | Lair:4   | Found a staircase to the Slime Pits.
 10517 | Lair:4   | 10517 ||| INVOKING Heroism.
 10961 | Lair:4   | 10961 ||| INVOKING Heroism.
 11066 | Lair:4   | 11066 ||| INVOKING Heroism.
 11167 | Lair:4   | 11167 ||| Stepping ~*~*~tactically~*~*~ (stealth).
 11169 | Lair:4   | 11169 ||| Stepping ~*~*~tactically~*~*~ (stealth).
 11177 | Lair:4   | 11177 ||| Stepping ~*~*~tactically~*~*~ (stealth).
 11179 | Lair:4   | 11179 ||| INVOKING Heroism.
 11180 | Lair:4   | 11180 ||| SWAPPING to +0 morningstar.
 11181 | Lair:4   | 11181 ||| INVOKING Finesse.
 11190 | Lair:4   | 11190 ||| SWAPPING to +4 war axe.
 11218 | Lair:4   | 11218 ||| Stepping ~*~*~tactically~*~*~ (stealth).
 11218 | Lair:4   | Identified the +0 short sword "Jeisijya" {drain, Str+2}
 11223 | Lair:4   | 11223 ||| Stepping ~*~*~tactically~*~*~ (stealth).
 11231 | Lair:4   | 11231 ||| Stepping ~*~*~tactically~*~*~ (stealth).
 11253 | Lair:4   | 11253 ||| Stepping ~*~*~tactically~*~*~ (stealth).
 11255 | Lair:4   | 11255 ||| Stepping ~*~*~tactically~*~*~ (stealth).
 11280 | Lair:4   | 11280 ||| Stepping ~*~*~tactically~*~*~ (stealth).
 11281 | Lair:4   | 11281 ||| Stepping ~*~*~tactically~*~*~ (stealth).
 11282 | Lair:4   | 11282 ||| INVOKING Heroism.
 11286 | Lair:4   | 11286 ||| INVOKING Finesse.
 11299 | Lair:4   | Received a gift from Okawaru
 11485 | Lair:5   | Entered Level 5 of the Lair of Beasts
 11491 | Lair:5   | 11491 ||| INVOKING Heroism.
 11593 | Lair:5   | 11593 ||| INVOKING Heroism.
 11634 | Lair:5   | 11634 ||| Stepping ~*~*~tactically~*~*~ (stealth).
 11636 | Lair:5   | 11636 ||| Stepping ~*~*~tactically~*~*~ (stealth).
 11647 | Lair:5   | 11647 ||| INVOKING Finesse.
 11648 | Lair:5   | 11648 ||| Stepping ~*~*~tactically~*~*~ (stealth).
 11649 | Lair:5   | 11649 ||| INVOKING Heroism.
 11701 | Lair:5   | 11701 ||| INVOKING Heroism.
 11830 | Lair:5   | Reached skill level 15 in Axes
 11870 | Lair:5   | 11870 ||| Stepping ~*~*~tactically~*~*~ (hiding).
 11931 | Lair:5   | 11931 ||| INVOKING Heroism.
 11932 | Lair:5   | 11932 ||| INVOKING Finesse.
 12004 | Lair:5   | 12004 ||| Stepping ~*~*~tactically~*~*~ (stealth).
 12006 | Lair:5   | 12006 ||| INVOKING Heroism.
 12046 | Lair:5   | 12046 ||| INVOKING Heroism.
 12059 | Lair:5   | 12059 ||| SWAPPING to +0 morningstar.
 12068 | Lair:5   | Gained mutation: Your large and strong wings let you fly.
                  | [Gargoyle growth]
 12068 | Lair:5   | Reached XP level 14. HP: 34/90 MP: 21/21
 12074 | Lair:5   | HP: 20/90 [five-headed hydra (4)]
 12075 | Lair:5   | 12075 ||| READING scroll of teleportation.
 12076 | Lair:5   | 12076 ||| DRINKING 2 potions of heal wounds.
 12077 | Lair:5   | 12077 ||| SWAPPING to +4 war axe.
 12245 | Lair:5   | 12245 ||| INVOKING Heroism.
 12441 | Lair:5   | 12441 ||| INVOKING Heroism.
 12447 | Lair:5   | 12447 ||| SWAPPING to +0 morningstar.
 12449 | Lair:5   | Reached skill level 12 in Fighting
 12449 | Lair:5   | 12449 ||| SWAPPING to +4 war axe.
 12597 | Lair:5   | 12597 ||| Stepping ~*~*~tactically~*~*~ (stealth).
 12774 | Lair:5   | 12774 ||| Stepping ~*~*~tactically~*~*~ (stealth).
 12775 | Lair:5   | 12775 ||| Stepping ~*~*~tactically~*~*~ (stealth).
 12851 | Lair:5   | 12851 ||| INVOKING Heroism.
 12854 | Lair:5   | 12854 ||| SWAPPING to +0 morningstar.
 12861 | Lair:5   | 12861 ||| SWAPPING to +4 war axe.
 12873 | Lair:5   | 12873 ||| Stepping ~*~*~tactically~*~*~ (hiding).
 12890 | Lair:5   | 12890 ||| Stepping ~*~*~tactically~*~*~ (stealth).
 12892 | Lair:5   | 12892 ||| INVOKING Finesse.
 12896 | Lair:5   | 12896 ||| SWAPPING to +0 morningstar.
 12899 | Lair:5   | 12899 ||| SWAPPING to +4 war axe.
 12946 | Lair:5   | 12946 ||| Stepping ~*~*~tactically~*~*~ (stealth).
 12948 | Lair:5   | 12948 ||| Stepping ~*~*~tactically~*~*~ (hiding).
 13060 | Lair:5   | Found a burning altar of Makhleb.
 13061 | Lair:5   | 13061 ||| Stepping ~*~*~tactically~*~*~ (stealth).
 13063 | Lair:5   | 13063 ||| Stepping ~*~*~tactically~*~*~ (hiding).
 13067 | Lair:5   | 13067 ||| INVOKING Heroism.
 13134 | Lair:5   | 13134 ||| Stepping ~*~*~tactically~*~*~ (stealth).
 13136 | Lair:5   | 13136 ||| INVOKING Heroism.
 13153 | Lair:5   | 13153 ||| INVOKING Finesse.
 13157 | Lair:5   | Found a gateway to Hell.
 13321 | Lair:5   | 13321 ||| Stepping ~*~*~tactically~*~*~ (stealth).
 13355 | Lair:5   | 13355 ||| PLANNING D:1-11
 13939 | D:9      | 13939 ||| Stepping ~*~*~tactically~*~*~ (stealth).
 13944 | D:9      | 13944 ||| Stepping ~*~*~tactically~*~*~ (stealth).
 13948 | D:9      | Noticed Joseph
 13973 | D:9      | Killed Joseph
 14052 | D:9      | Identified the +12 dagger "Beastbane" {vamp, Dex+4}
 14094 | D:9      | 14094 ||| Stepping ~*~*~tactically~*~*~ (stealth).
 14099 | D:9      | 14099 ||| Stepping ~*~*~tactically~*~*~ (stealth).
 14101 | D:9      | 14101 ||| Stepping ~*~*~tactically~*~*~ (stealth).
 14103 | D:9      | 14103 ||| Stepping ~*~*~tactically~*~*~ (stealth).
 14105 | D:9      | 14105 ||| Stepping ~*~*~tactically~*~*~ (stealth).
 14107 | D:9      | 14107 ||| Stepping ~*~*~tactically~*~*~ (stealth).
 14109 | D:9      | 14109 ||| Stepping ~*~*~tactically~*~*~ (stealth).
 14155 | D:9      | Received a gift from Okawaru
 14355 | D:9      | 14355 ||| DROPPING amulet of guardian spirit.
 14356 | D:9      | 14356 ||| READING scroll labelled EPPAYN KEIT.
 14357 | D:9      | 14357 ||| READING 6 scrolls of identify.
 14357 | D:9      | 14357 ||| IDENTIFYING cyan potion
 14358 | D:9      | 14358 ||| READING 5 scrolls of identify.
 14358 | D:9      | 14358 ||| IDENTIFYING smoky inky potion
 14359 | D:9      | 14359 ||| DROPPING potion of ambrosia.
 14378 | D:10     | Entered Level 10 of the Dungeon
 14385 | D:10     | 14385 ||| Stepping ~*~*~tactically~*~*~ (hiding).
 14399 | D:10     | 14399 ||| Stepping ~*~*~tactically~*~*~ (stealth).
 14402 | D:10     | 14402 ||| Stepping ~*~*~tactically~*~*~ (stealth).
 14404 | D:10     | 14404 ||| Stepping ~*~*~tactically~*~*~ (stealth).
 14406 | D:10     | 14406 ||| Stepping ~*~*~tactically~*~*~ (hiding).
 14524 | D:10     | Found a staircase to the Orcish Mines.
 15048 | D:10     | Received a gift from Okawaru
 15103 | D:10     | 15103 ||| Stepping ~*~*~tactically~*~*~ (hiding).
 15150 | D:10     | 15150 ||| Stepping ~*~*~tactically~*~*~ (stealth).
 15153 | D:10     | 15153 ||| Stepping ~*~*~tactically~*~*~ (stealth).
 15173 | D:10     | 15173 ||| Stepping ~*~*~tactically~*~*~ (hiding).
 15216 | D:10     | 15216 ||| Stepping ~*~*~tactically~*~*~ (stealth).
 15218 | D:10     | 15218 ||| Stepping ~*~*~tactically~*~*~ (stealth).
 15322 | D:10     | 15322 ||| Stepping ~*~*~tactically~*~*~ (hiding).
 15323 | D:10     | 15323 ||| Stepping ~*~*~tactically~*~*~ (hiding).
 15329 | D:10     | 15329 ||| INVOKING Heroism.
 15330 | D:10     | 15330 ||| INVOKING Finesse.
 15335 | D:10     | 15335 ||| Stepping ~*~*~tactically~*~*~ (hiding).
 15339 | D:10     | Received a gift from Okawaru
 15340 | D:10     | 15340 ||| Stepping ~*~*~tactically~*~*~ (hiding).
 15382 | D:10     | Received a gift from Okawaru
 15395 | D:10     | 15395 ||| Stepping ~*~*~tactically~*~*~ (hiding).
 15396 | D:10     | 15396 ||| Stepping ~*~*~tactically~*~*~ (hiding).
 15588 | D:10     | Received a gift from Okawaru
 15855 | D:10     | 15855 ||| UPGRADING to +2 pair of boots of flying.
 15865 | D:10     | 15865 ||| DROPPING +1 pair of boots.
 16066 | D:11     | 16066 ||| Stepping ~*~*~tactically~*~*~ (hiding).
 16068 | D:11     | 16068 ||| Stepping ~*~*~tactically~*~*~ (hiding).
 16074 | D:11     | 16074 ||| Stepping ~*~*~tactically~*~*~ (hiding).
 16077 | D:11     | 16077 ||| Stepping ~*~*~tactically~*~*~ (hiding).
 16078 | D:11     | 16078 ||| Stepping ~*~*~tactically~*~*~ (hiding).
 16264 | D:11     | Identified the +2 scale mail of Tempters {rN++} (Okawaru
                  | gifted it to you on level 11 of the Dungeon)
 16264 | D:11     | Received a gift from Okawaru
 16366 | D:11     | 16366 ||| FLEEEEING.
 16367 | D:11     | 16367 ||| FLEEEEING.
 16393 | D:11     | Reached ****** piety under Okawaru
 16399 | D:11     | 16399 ||| Stepping ~*~*~tactically~*~*~ (stealth).
 16458 | D:11     | 16458 ||| Stepping ~*~*~tactically~*~*~ (stealth).
 16487 | D:11     | 16487 ||| Stepping ~*~*~tactically~*~*~ (stealth).
 16579 | D:11     | 16579 ||| PLANNING D
 16579 | D:11     | 16579 ||| READING scroll labelled LOAL TESISEM.
 16580 | D:11     | 16580 ||| READING 4 scrolls of identify.
 16580 | D:11     | 16580 ||| IDENTIFYING purple potion
 16581 | D:11     | 16581 ||| DROPPING potion of degeneration.
 16630 | D:12     | Reached XP level 15. HP: 85/98 MP: 22/22
 16702 | D:12     | 16702 ||| Stepping ~*~*~tactically~*~*~ (hiding).
 16703 | D:12     | 16703 ||| Stepping ~*~*~tactically~*~*~ (hiding).
 16711 | D:12     | Reached skill level 9 in Armour
 16757 | D:12     | 16757 ||| Stepping ~*~*~tactically~*~*~ (stealth).
 16806 | D:12     | 16806 ||| Stepping ~*~*~tactically~*~*~ (stealth).
 16808 | D:12     | 16808 ||| Stepping ~*~*~tactically~*~*~ (stealth).
 16856 | D:12     | Identified the +5 ring mail of Terrible Miracles {rPois
                  | rCorr}
 17135 | D:12     | 17135 ||| READING scroll of enchant weapon.
 17135 | D:12     | 17135 ||| ENCHANTING +4 heavy war axe.
 17184 | D:12     | Found a runed translucent gate.
 17184 | D:12     | Found a runed translucent gate.
 17184 | D:12     | Found a runed translucent gate.
 17188 | D:12     | Noticed qw's ghost (journeyman GrFi)
 17215 | D:12     | 17215 ||| Stepping ~*~*~tactically~*~*~ (stealth).
 17216 | D:12     | 17216 ||| Stepping ~*~*~tactically~*~*~ (stealth).
 17357 | D:12     | Found an ornate altar of the Wu Jian Council.
 17486 | D:12     | 17486 ||| DROPPING +0 acid dragon scales.
 17540 | D:13     | Reached skill level 6 in Throwing
 17540 | D:13     | 17540 ||| Stepping ~*~*~tactically~*~*~ (hiding).
 17595 | D:13     | Found Derhean's Magic Scroll Shoppe.
 17602 | D:13     | 17602 ||| BUYING scroll of enchant armour (97 gold).
 17602 | D:13     | Bought a scroll of enchant armour for 97 gold pieces
 17602 | D:13     | 17602 ||| BUYING scroll of teleportation (39 gold).
 17602 | D:13     | Bought a scroll of teleportation for 39 gold pieces
 17602 | D:13     | 17602 ||| BUYING scroll of teleportation (39 gold).
 17602 | D:13     | Bought a scroll of teleportation for 39 gold pieces
 17602 | D:13     | 17602 ||| READING scroll of enchant armour.
 17602 | D:13     | 17602 ||| ENCHANTING +1 cloak.
 17619 | D:13     | Reached skill level 9 in Shields
 17683 | D:13     | Found a runed translucent door.
 17692 | D:13     | Noticed a fire giant
 17784 | D:13     | 17784 ||| Stepping ~*~*~tactically~*~*~ (stealth).
 17944 | D:13     | 17944 ||| Stepping ~*~*~tactically~*~*~ (stealth).
 17946 | D:13     | 17946 ||| Stepping ~*~*~tactically~*~*~ (stealth).
 17948 | D:13     | 17948 ||| Stepping ~*~*~tactically~*~*~ (stealth).
 17950 | D:13     | 17950 ||| Stepping ~*~*~tactically~*~*~ (stealth).
 17952 | D:13     | 17952 ||| INVOKING Heroism.
 17984 | D:13     | Found a gate to the Vaults.
 18058 | D:13     | 18058 ||| INVOKING Heroism.
 18059 | D:13     | 18059 ||| INVOKING Finesse.
 18063 | D:13     | 18063 ||| SWAPPING to +0 morningstar.
 18069 | D:13     | 18069 ||| SWAPPING to +5 heavy war axe.
 18154 | D:13     | 18154 ||| DROPPING +0 flail of distortion.
 18202 | D:13     | 18202 ||| Stepping ~*~*~tactically~*~*~ (stealth).
 18209 | D:13     | 18209 ||| Stepping ~*~*~tactically~*~*~ (stealth).
 18211 | D:13     | 18211 ||| Stepping ~*~*~tactically~*~*~ (stealth).
 18213 | D:13     | 18213 ||| Stepping ~*~*~tactically~*~*~ (stealth).
 18215 | D:13     | 18215 ||| INVOKING Heroism.
 18216 | D:13     | 18216 ||| INVOKING Finesse.
 18225 | D:13     | 18225 ||| Stepping ~*~*~tactically~*~*~ (hiding).
 18271 | D:13     | Received a gift from Okawaru
 18283 | D:13     | 18283 ||| Stepping ~*~*~tactically~*~*~ (stealth).
 18285 | D:13     | 18285 ||| Stepping ~*~*~tactically~*~*~ (stealth).
 18287 | D:13     | 18287 ||| INVOKING Heroism.
 18307 | D:13     | 18307 ||| Stepping ~*~*~tactically~*~*~ (hiding).
 18313 | D:13     | 18313 ||| INVOKING Heroism.
 18333 | D:13     | 18333 ||| Stepping ~*~*~tactically~*~*~ (stealth).
 18338 | D:13     | 18338 ||| Stepping ~*~*~tactically~*~*~ (stealth).
 18359 | D:13     | 18359 ||| Stepping ~*~*~tactically~*~*~ (hiding).
 18360 | D:13     | Identified the ring "Ojog" {rN+ Dex+5}
 18361 | D:13     | 18361 ||| Stepping ~*~*~tactically~*~*~ (stealth).
 18370 | D:13     | Reached skill level 6 in Dodging
 18380 | D:13     | 18380 ||| INVOKING Heroism.
 18382 | D:13     | 18382 ||| Stepping ~*~*~tactically~*~*~ (stealth).
 18384 | D:13     | 18384 ||| Stepping ~*~*~tactically~*~*~ (stealth).
 18446 | D:13     | Noticed a fire giant
 18447 | D:13     | 18447 ||| INVOKING Heroism.
 18448 | D:13     | 18448 ||| INVOKING Finesse.
 18452 | D:13     | Killed a fire giant
 18577 | D:13     | 18577 ||| DROPPING +0 flail of holy wrath.
 18578 | D:13     | 18578 ||| DROPPING +0 morningstar.
 18579 | D:13     | 18579 ||| DROPPING +0 flail of holy wrath.
 18615 | D:13     | 18615 ||| Stepping ~*~*~tactically~*~*~ (stealth).
 18616 | D:13     | 18616 ||| Stepping ~*~*~tactically~*~*~ (stealth).
 18618 | D:13     | 18618 ||| INVOKING Heroism.
 18621 | D:13     | 18621 ||| INVOKING Finesse.
 18703 | D:13     | 18703 ||| Stepping ~*~*~tactically~*~*~ (stealth).
 18705 | D:13     | Noticed a tengu reaver
 18706 | D:13     | 18706 ||| INVOKING Heroism.
 18722 | D:13     | Killed a tengu reaver
 19000 | D:13     | 19000 ||| INVOKING Heroism.
 19171 | D:13     | 19171 ||| DROPPING +0 plate armour.
 19172 | D:13     | 19172 ||| UPGRADING to +2 buckler of protection.
 19182 | D:13     | 19182 ||| DROPPING +0 buckler.
 19183 | D:13     | 19183 ||| DROPPING amulet of regeneration.
 19184 | D:13     | 19184 ||| DROPPING ring of willpower.
 19223 | D:14     | 19223 ||| Stepping ~*~*~tactically~*~*~ (stealth).
 19225 | D:14     | 19225 ||| Stepping ~*~*~tactically~*~*~ (stealth).
 19398 | D:14     | 19398 ||| Stepping ~*~*~tactically~*~*~ (hiding).
 19451 | D:14     | 19451 ||| Stepping ~*~*~tactically~*~*~ (stealth).
 19454 | D:14     | 19454 ||| Stepping ~*~*~tactically~*~*~ (hiding).
 19583 | D:14     | Identified the +2 pair of boots "Dehiroc" {Str-3 Int+6}
 19703 | D:14     | 19703 ||| Stepping ~*~*~tactically~*~*~ (stealth).
 19705 | D:14     | 19705 ||| Stepping ~*~*~tactically~*~*~ (stealth).
 19714 | D:14     | Reached skill level 15 in Fighting
 19718 | D:14     | Found Buagi's Assorted Antiques.
 19727 | D:14     | 19727 ||| BUYING potion of curing (72 gold).
 19727 | D:14     | Bought a potion of curing for 72 gold pieces
 19727 | D:14     | 19727 ||| BUYING potion of curing (72 gold).
 19727 | D:14     | Bought a potion of curing for 72 gold pieces
 19727 | D:14     | 19727 ||| BUYING potion of mutation (192 gold).
 19727 | D:14     | Bought a potion of mutation for 192 gold pieces
 19727 | D:14     | 19727 ||| BUYING potion of resistance (240 gold).
 19727 | D:14     | Bought a potion of resistance for 240 gold pieces
 19799 | D:14     | 19799 ||| Stepping ~*~*~tactically~*~*~ (stealth).
 19801 | D:14     | 19801 ||| Stepping ~*~*~tactically~*~*~ (stealth).
 19803 | D:14     | 19803 ||| Stepping ~*~*~tactically~*~*~ (stealth).
 19805 | D:14     | 19805 ||| Stepping ~*~*~tactically~*~*~ (stealth).
 20089 | D:14     | 20089 ||| Stepping ~*~*~tactically~*~*~ (stealth).
 20105 | D:14     | 20105 ||| Stepping ~*~*~tactically~*~*~ (stealth).
 20234 | D:14     | 20234 ||| Stepping ~*~*~tactically~*~*~ (stealth).
 20273 | D:14     | 20273 ||| DROPPING +2 pair of boots "Dehiroc" {Str-3
                  | Int+6}.
 20294 | D:15     | Entered Level 15 of the Dungeon
 20309 | D:15     | 20309 ||| INVOKING Heroism.
 20328 | D:15     | Received a gift from Okawaru
 20459 | D:15     | 20459 ||| Stepping ~*~*~tactically~*~*~ (stealth).
 20463 | D:15     | 20463 ||| INVOKING Heroism.
 20512 | D:15     | Noticed Rupert
 20513 | D:15     | 20513 ||| INVOKING Heroism.
 20527 | D:15     | Paralysed by Rupert for 3 turns
 20530 | D:15     | Killed Rupert
 20531 | D:15     | Reached XP level 16. HP: 108/108 MP: 23/23
 20589 | D:15     | 20589 ||| INVOKING Heroism.
 20595 | D:15     | 20595 ||| SWAPPING to +0 morningstar of freezing.
 20597 | D:15     | 20597 ||| SWAPPING to +5 heavy war axe.
 20626 | D:15     | 20626 ||| INVOKING Heroism.
 21065 | D:15     | Noticed Louise
 21066 | D:15     | 21066 ||| INVOKING Heroism.
 21078 | Abyss:2  | Cast into level 2 of the Abyss (Louise)
 21149 | Abyss:2  | 21149 ||| Stepping ~*~*~tactically~*~*~ (stealth).
 21190 | Abyss:2  | 21190 ||| Stepping ~*~*~tactically~*~*~ (stealth).
 21192 | Abyss:2  | 21192 ||| Stepping ~*~*~tactically~*~*~ (stealth).
 21193 | Abyss:2  | 21193 ||| Stepping ~*~*~tactically~*~*~ (stealth).
 21203 | Abyss:2  | Noticed a tentacled starspawn
 21204 | Abyss:2  | Received a gift from Okawaru
 21212 | Abyss:2  | Killed a tentacled starspawn
 21229 | Abyss:2  | 21229 ||| Stepping ~*~*~tactically~*~*~ (stealth).
 21231 | Abyss:2  | 21231 ||| Stepping ~*~*~tactically~*~*~ (hiding).
 21233 | Abyss:2  | 21233 ||| Stepping ~*~*~tactically~*~*~ (hiding).
 21234 | Abyss:2  | 21234 ||| Stepping ~*~*~tactically~*~*~ (hiding).
 21236 | Abyss:2  | 21236 ||| Stepping ~*~*~tactically~*~*~ (hiding).
 21254 | Abyss:2  | 21254 ||| Stepping ~*~*~tactically~*~*~ (stealth).
 21257 | Abyss:2  | 21257 ||| Stepping ~*~*~tactically~*~*~ (stealth).
 21259 | Abyss:2  | 21259 ||| Stepping ~*~*~tactically~*~*~ (stealth).
 21261 | Abyss:2  | 21261 ||| Stepping ~*~*~tactically~*~*~ (stealth).
 21263 | Abyss:2  | 21263 ||| Stepping ~*~*~tactically~*~*~ (stealth).
 21279 | Abyss:2  | 21279 ||| Stepping ~*~*~tactically~*~*~ (stealth).
 21308 | Abyss:2  | 21308 ||| INVOKING Heroism.
 21322 | Abyss:2  | 21322 ||| Stepping ~*~*~tactically~*~*~ (stealth).
 21358 | Abyss:2  | 21358 ||| Stepping randomly (disturbance).
 21359 | Abyss:2  | 21359 ||| Stepping randomly (disturbance).
 21362 | Abyss:2  | Gained mutation: You have hidden genetic potential. [a
                  | neqoxec]
 21363 | Abyss:2  | Received a gift from Okawaru
 21421 | Abyss:2  | Received a gift from Okawaru
 21433 | Abyss:2  | 21433 ||| Stepping ~*~*~tactically~*~*~ (stealth).
 21434 | Abyss:2  | 21434 ||| Stepping ~*~*~tactically~*~*~ (stealth).
 21435 | Abyss:2  | 21435 ||| Stepping ~*~*~tactically~*~*~ (stealth).
 21436 | Abyss:2  | Gained mutation: You are dopey. (Int -2) [a neqoxec]
 21439 | Abyss:2  | 21439 ||| Stepping ~*~*~tactically~*~*~ (hiding).
 21439 | Abyss:2  | Noticed a lich
 21440 | Abyss:2  | 21440 ||| INVOKING Heroism.
 21509 | D:15     | Escaped the Abyss
 21510 | D:15     | 21510 ||| INVOKING Heroism.
 21529 | D:15     | Killed Louise
 21705 | D:15     | Found a staircase to the Depths.
 21706 | D:15     | 21706 ||| Stepping ~*~*~tactically~*~*~ (stealth).
 21708 | D:15     | 21708 ||| Stepping ~*~*~tactically~*~*~ (stealth).
 21776 | D:15     | 21776 ||| INVOKING Heroism.
 21928 | D:15     | 21928 ||| Stepping ~*~*~tactically~*~*~ (stealth).
 21930 | D:15     | 21930 ||| Stepping ~*~*~tactically~*~*~ (stealth).
 21932 | D:15     | 21932 ||| Stepping ~*~*~tactically~*~*~ (stealth).
 21934 | D:15     | 21934 ||| Stepping ~*~*~tactically~*~*~ (stealth).
 21936 | D:15     | 21936 ||| Stepping ~*~*~tactically~*~*~ (stealth).
 21941 | D:15     | Noticed Azrael
 21942 | D:15     | 21942 ||| INVOKING Heroism.
 21956 | D:15     | Killed Azrael
 22008 | D:15     | 22008 ||| Stepping ~*~*~tactically~*~*~ (stealth).
 22203 | D:15     | 22203 ||| PLANNING ORC
 22203 | D:15     | 22203 ||| UPGRADING to +0 tower shield.
 22213 | D:15     | 22213 ||| DROPPING +2 buckler of protection.
 22325 | Orc:1    | Entered Level 1 of the Orcish Mines
 22326 | Orc:1    | 22326 ||| STAIRDANCE
 22429 | Orc:1    | Noticed Maurice
 22433 | Orc:1    | 22433 ||| DRINKING 8 potions of curing.
 22433 | Orc:1    | 22433 ||| (to cure confusion)
 22442 | Orc:1    | Killed Maurice
 22529 | Orc:1    | 22529 ||| INVOKING Heroism.
 22545 | Orc:1    | 22545 ||| SWAPPING to +2 broad axe.
 22546 | Orc:1    | 22546 ||| DROPPING +5 heavy war axe.
 22576 | Orc:1    | 22576 ||| Stepping ~*~*~tactically~*~*~ (hiding).
 22600 | Orc:1    | 22600 ||| FLEEEEING.
 22601 | Orc:1    | 22601 ||| FLEEEEING.
 22602 | Orc:1    | 22602 ||| FLEEEEING.
 22603 | Orc:1    | 22603 ||| FLEEEEING.
 22604 | Orc:1    | 22604 ||| FLEEEEING.
 22605 | Orc:1    | 22605 ||| FLEEEEING.
 22606 | Orc:1    | 22606 ||| FLEEEEING.
 22608 | Orc:1    | 22608 ||| FLEEEEING.
 22609 | Orc:1    | 22609 ||| FLEEEEING.
 22610 | Orc:1    | 22610 ||| FLEEEEING.
 22612 | Orc:1    | 22612 ||| FLEEEEING.
 22613 | Orc:1    | 22613 ||| FLEEEEING.
 22614 | Orc:1    | 22614 ||| FLEEEEING.
 22615 | Orc:1    | 22615 ||| FLEEEEING.
 22616 | Orc:1    | 22616 ||| FLEEEEING.
 22617 | Orc:1    | 22617 ||| FLEEEEING.
 22696 | Orc:1    | 22696 ||| Stepping ~*~*~tactically~*~*~ (stealth).
 22698 | Orc:1    | 22698 ||| Stepping ~*~*~tactically~*~*~ (hiding).
 22711 | Orc:1    | Noticed Erica
 22712 | Orc:1    | 22712 ||| Stepping ~*~*~tactically~*~*~ (hiding).
 22715 | Orc:1    | 22715 ||| Stepping ~*~*~tactically~*~*~ (stealth).
 22717 | Orc:1    | 22717 ||| INVOKING Heroism.
 22718 | Orc:1    | 22718 ||| INVOKING Finesse.
 22725 | Orc:1    | Killed Erica
 22979 | Orc:1    | Identified the +4 scimitar of Makhleb's Scorn {vamp, rF+
                  | rN+ rCorr}
 23033 | Orc:1    | 23033 ||| Stepping ~*~*~tactically~*~*~ (stealth).
 23035 | Orc:1    | 23035 ||| Stepping ~*~*~tactically~*~*~ (hiding).
 23036 | Orc:1    | 23036 ||| INVOKING Heroism.
 23043 | Orc:1    | 23043 ||| Stepping ~*~*~tactically~*~*~ (stealth).
 23056 | Orc:1    | 23056 ||| Stepping ~*~*~tactically~*~*~ (hiding).
 23057 | Orc:1    | 23057 ||| Stepping ~*~*~tactically~*~*~ (hiding).
 23063 | Orc:1    | 23063 ||| INVOKING Heroism.
 23149 | Orc:1    | Found Cufocah's Magic Scroll Emporium.
 23152 | Orc:1    | 23152 ||| BUYING 3 scrolls of teleportation (117 gold).
 23152 | Orc:1    | Bought 3 scrolls of teleportation for 117 gold pieces
 23152 | Orc:1    | 23152 ||| BUYING scroll of enchant weapon (97 gold).
 23152 | Orc:1    | Bought a scroll of enchant weapon for 97 gold pieces
 23152 | Orc:1    | 23152 ||| BUYING scroll of teleportation (39 gold).
 23152 | Orc:1    | Bought a scroll of teleportation for 39 gold pieces
 23152 | Orc:1    | 23152 ||| BUYING scroll of teleportation (39 gold).
 23152 | Orc:1    | Bought a scroll of teleportation for 39 gold pieces
 23152 | Orc:1    | 23152 ||| BUYING scroll of teleportation (39 gold).
 23152 | Orc:1    | Bought a scroll of teleportation for 39 gold pieces
 23152 | Orc:1    | 23152 ||| READING scroll of enchant weapon.
 23152 | Orc:1    | 23152 ||| ENCHANTING +2 broad axe.
 23153 | Orc:1    | 23153 ||| UPGRADING to +0 plate armour of fire resistance.
 23163 | Orc:1    | 23163 ||| DROPPING +4 chain mail of poison resistance.
 23183 | Orc:2    | Entered Level 2 of the Orcish Mines
 23183 | Orc:2    | Found Pyggoc's Antique Armour Emporium.
 23184 | Orc:2    | 23184 ||| INVOKING Heroism.
 23219 | Orc:2    | 23219 ||| STAIRDANCE
 23392 | Orc:2    | 23392 ||| INVOKING Heroism.
 23402 | Orc:2    | Reached skill level 12 in Shields
 23573 | Orc:2    | 23573 ||| BUYING runed plate armour (728 gold).
 23573 | Orc:2    | Bought a runed plate armour for 728 gold pieces
 23577 | Orc:2    | Found Piuffajo's Antique Weapon Boutique.
 23590 | Orc:2    | Received a gift from Okawaru
 23598 | Orc:2    | 23598 ||| INVOKING Heroism.
 23634 | Orc:2    | Found Ucwixi's General Store.
 23659 | Orc:2    | 23659 ||| BUYING runed war axe (221 gold).
 23659 | Orc:2    | Bought a runed war axe for 221 gold pieces
 23659 | Orc:2    | 23659 ||| DROPPING +3 heavy war axe.
 23689 | Orc:2    | 23689 ||| SHOPLISTING +0 plate armour of Yreikepe {Str+5}
                  | (648 gold, have 114).
 23689 | Orc:2    | 23689 ||| BUYING potion of enlightenment (80 gold).
 23689 | Orc:2    | Bought a potion of enlightenment for 80 gold pieces
 23689 | Orc:2    | 23689 ||| SHOPLISTING scroll of enchant weapon (120 gold,
                  | have 34).
 23694 | Orc:2    | Found a staircase to the Elven Halls.
 23715 | Orc:2    | 23715 ||| INVOKING Heroism.
 23717 | Abyss:2  | Cast into level 2 of the Abyss (orc warrior)
 23774 | Abyss:2  | Noticed a profane servitor
 23783 | Abyss:2  | 23783 ||| INVOKING Heroism.
 23798 | Abyss:2  | Killed a profane servitor
 23837 | Abyss:2  | 23837 ||| INVOKING Heroism.
 23985 | Abyss:2  | Found a corrupted altar of Lugonu.
 23993 | Abyss:2  | 23993 ||| Stepping ~*~*~tactically~*~*~ (stealth).
 23995 | Abyss:2  | 23995 ||| Stepping ~*~*~tactically~*~*~ (stealth).
 23996 | Abyss:2  | 23996 ||| Stepping ~*~*~tactically~*~*~ (stealth).
 23998 | Abyss:2  | 23998 ||| Stepping ~*~*~tactically~*~*~ (hiding).
 24008 | Abyss:2  | 24008 ||| Stepping ~*~*~tactically~*~*~ (hiding).
 24056 | Abyss:2  | Noticed a tentacled starspawn
 24058 | Abyss:2  | 24058 ||| Stepping ~*~*~tactically~*~*~ (hiding).
 24059 | Abyss:2  | 24059 ||| Stepping ~*~*~tactically~*~*~ (hiding).
 24060 | Abyss:2  | 24060 ||| Stepping ~*~*~tactically~*~*~ (hiding).
 24070 | Abyss:2  | Killed a tentacled starspawn
 24070 | Abyss:2  | Received a gift from Okawaru
 24078 | Abyss:2  | 24078 ||| INVOKING Heroism.
 24085 | Abyss:2  | Gained mutation: You are very dopey. (Int -4) [a neqoxec]
 24089 | Abyss:2  | Reached XP level 17. HP: 34/115 MP: 22/24
 24095 | Abyss:2  | HP: 19/115 [emperor scorpion simulacrum (16)]
 24096 | Abyss:2  | 24096 ||| READING 11 scrolls of teleportation.
 24097 | Abyss:2  | 24097 ||| DRINKING potion of heal wounds.
 24098 | Abyss:2  | HP: 8/115 [emperor scorpion simulacrum (31)]
 24101 | Abyss:2  | Gained mutation: Armour fits poorly on your strangely
                  | shaped body. [a neqoxec]
 24103 | Abyss:2  | 24103 ||| SWAPPING to +0 morningstar of freezing.
 24104 | Abyss:2  | Gained mutation: You occasionally lose the ability to read
                  | scrolls when taking damage. [a neqoxec]
 24106 | Abyss:2  | Gained mutation: Your spells are a little easier to cast,
                  | but a little less powerful. [a neqoxec]
 24107 | Abyss:2  | 24107 ||| INVOKING Heroism.
 24110 | Abyss:2  | HP: 2/115 [sun demon (8)]
 24110 | Abyss:2  | Slain by a sun demon

Levels and vault maps discovered:
D:1:      minmay_arrival_four_loops, layout_basic
D:2:      layout_basic, shapermc_ecumenical_altar_venn, hex_medium
D:3:      layout_rooms, nemelex_diamond_rough_becter, serial_shops,
          nicolae_shop_trees, uniq_terence, uniq_crazy_yiuf_cottage
D:4:      layout_loops_ring, kennysheep_mini_moat, serial_shops, shop,
          minmay_crystal_room, minivault_26, chequers_serial_rivers_large_a,
          minmay_distorted
D:5:      layout_basic, serial_shops, shop, nicolae_square_shop,
          nicolae_shop_gaudy_bauble, shop, kennysheep_little_box, uniq_ijyb
D:6:      nicolae_BIG_FREAKIN_CUBE, layout_rooms,
          worldfamousw_hep_ancestral_shrine, overflow_temple_1_default
D:7:      layout_basic, grunt_temple_overflow_open, grunt_ministairs_10,
          uniq_pikel, uniq_maggie
D:8:      nicolae_whirlpool, layout_loops_ring, dpeg_lair_monsters,
          lightli_ossuary_entry_decrepit_ruins, nicolae_elevator_lobby_plus
D:9:      layout_big_octagon, nicolae_underground_beach, uniq_joseph
D:10:     minmay_the_grid_triangle_9x9_rhombus_full
          [minmay_the_grid_triangle_9x9_from_above,
          minmay_the_grid_triangle_9x9_zippers_horizontal,
          minmay_the_grid_triangle_9x9_semitri,
          minmay_the_grid_triangle_9x9_dagger,
          minmay_the_grid_triangle_9x9_sprig,
          minmay_the_grid_triangle_9x9_longest,
          minmay_the_grid_triangle_9x9_zippers_vertical,
          minmay_the_grid_triangle_9x9_prize_schism], layout_cave_pods,
          orc_0_dummy, special_room [special_room_kobold]
D:11:     layout_gridville, special_room [special_room_orc]
D:12:     layout_roguey, gammafunk_ghost_spectres, serial_rivers,
          chequers_serial_rivers_micro_e, chequers_serial_rivers_micro_e,
          chequers_serial_rivers_large_b, chequers_serial_rivers_micro_e,
          nzn_wu_jian_contemplation
D:13:     minmay_tearing_corner, layout_long_grid, david_vaults_4, serial_shops,
          shop, st_stairs_10, kennysheep_treasure_room
D:14:     layout_grid_maze, serial_shops, shop, serial_park_gazebo
          [serial_park_minivault_5x5_3]
D:15:     grunt_enter_depths_snipers, layout_grid_maze,
          chequers_decorated_corner, uniq_azrael, uniq_rupert, uniq_louise
Temple:   eino_temple_scatter_basement
Lair:1:   layout_big_grid, serial_rivers, chequers_serial_rivers_room_b,
          chequers_serial_rivers_micro_e, chequers_serial_rivers_small_b,
          chequers_serial_rivers_room_a, uniq_harold
Lair:2:   layout_regular_city, hellmonk_spider_entry_not_the_bees, basic_altar,
          serial_bayou_shore_a, infiniplex_staircase_pool
Lair:3:   layout_long_grid, elwin_shoals_entry_rooms, beast_lair_carwin_7
Lair:4:   layout_small_grid, slime_entry_2, hangedman_lair_generics_rect,
          grunt_megastairs_2
Lair:5:   evil_forest, layout_regular_city, kilobyte_rumbling_trees,
          lemuel_fruit_fields, grunt_megastairs_4
Orc:1:    layout_caves, serial_shops, nicolae_shop_rolled_up, elf_legates,
          uniq_erica, uniq_maurice
Orc:2:    grunt_orc_gardens, layout_caves, grunt_orc_garden, grunt_orc_garden,
          grunt_orc_garden, grunt_orc_garden, serial_shops, shop,
          nicolae_orc_damp_corner, uniq_nessos
Abyss:2:  base: D:6, hangedman_decor_riveting, guppyfry_abyss_exit_imp_island,
          guppyfry_abyss_exit_imp_island, base: D:8, minivault_4,
          evilmike_abyss_exit_12, spicy_abyss_unhelpful_harpoons

Skill      XL: |  1  2  3  4  5  6  7  8  9 10 11 12 13 14 15 16 |
---------------+-------------------------------------------------+-----
Axes           | 2 3 4 5 6 7 8 10 11 12 13 15 16 | 16.0
Fighting       | 4 5 6 7 8 9 10 11 13 15 16 | 16.0
Dodging        | 1 2 3 4 5 6 |  6.3
Invocations    | 4 7 10 | 10.2
Shields        | 4 5 6 7 8 10 13 | 13.3
Armour         | 4 5 6 7 8 10 | 10.0
Throwing       | 4 5 6 8 |  8.3

Action                     |  1- 3 |  4- 6 |  7- 9 | 10-12 | 13-15 | 16-18 || total
---------------------------+-------+-------+-------+-------+-------+-------++-------
  Melee: War axe           |    94 |   215 |   242 |   481 |   949 |   192 ||  2173
         Flail             |       |       |       |    16 |       |       ||    16
         Morningstar       |       |       |       |       |    33 |     6 ||    39
         Broad axe         |       |       |       |       |       |   258 ||   258
  Throw: Boomerang         |       |       |       |    11 |   152 |    45 ||   208
         Javelin           |       |       |       |    32 |   141 |    42 ||   215
 Invoke: Heroism           |       |       |     5 |    20 |    32 |    20 ||    77
         Finesse           |       |       |       |     4 |    11 |     1 ||    16
    Use: Scroll            |     3 |    12 |     2 |     7 |     8 |     2 ||    34
         Potion            |     1 |     8 |     1 |     1 |     1 |     2 ||    14
   Stab: Petrified         |       |       |       |       |     1 |       ||     1
         Distracted        |       |       |       |       |     1 |     2 ||     3
         Sleeping          |       |       |       |       |       |     1 ||     1
 Armour: Scale mail        |    56 |    32 |   115 |   163 |   415 |   103 ||   884
         Chain mail        |       |    38 |       |       |       |       ||    38
         Plate armour      |       |    84 |       |       |       |    92 ||   176
  Dodge: Dodged            |    39 |   101 |   133 |   279 |   619 |   215 ||  1386
  Block: Buckler           |    19 |    44 |    47 |    99 |   271 |    55 ||   535
         Tower shield      |       |       |       |       |       |   263 ||   263

Table legend:
 A = Non-vault XP
 B = Vault XP
 C = Vault XP percentage of total XP
 D = Non-vault monster count
 E = Vault monster count
 F = Vault count percentage of total count
                 A         B        C        D         E       F
            +---------+---------+-------+---------+---------+-------
      Total |  102404 |   81307 |  44.3 |     472 |     232 |  33.0
            +---------+---------+-------+---------+---------+-------
        D:1 |      42 |       0 |   0.0 |      22 |       0 |   0.0
        D:2 |      54 |       0 |   0.0 |      15 |       0 |   0.0
        D:3 |      57 |       0 |   0.0 |      18 |       0 |   0.0
        D:4 |     204 |      13 |   6.0 |      23 |       1 |   4.2
        D:5 |     169 |      36 |  17.6 |      12 |       1 |   7.7
        D:6 |     809 |       0 |   0.0 |      23 |       0 |   0.0
        D:7 |    1021 |    1111 |  52.1 |       9 |       4 |  30.8
        D:8 |    1861 |    2674 |  59.0 |      23 |      10 |  30.3
        D:9 |    1783 |     455 |  20.3 |      19 |       1 |   5.0
       D:10 |    3876 |   10159 |  72.4 |      20 |      37 |  64.9
       D:11 |    2248 |     520 |  18.8 |      18 |      15 |  45.5
       D:12 |    6200 |       0 |   0.0 |      21 |       0 |   0.0
       D:13 |    5211 |   18996 |  78.5 |       8 |      26 |  76.5
       D:14 |    3540 |    1511 |  29.9 |       9 |       4 |  30.8
       D:15 |   15374 |    7919 |  34.0 |      32 |      12 |  27.3
     Lair:1 |    8538 |     881 |   9.4 |      30 |       1 |   3.2
     Lair:2 |    9350 |     605 |   6.1 |      24 |       6 |  20.0
     Lair:3 |    4995 |    2843 |  36.3 |      26 |      12 |  31.6
     Lair:4 |    5118 |    5353 |  51.1 |      19 |      15 |  44.1
     Lair:5 |    7833 |   12864 |  62.2 |      25 |      45 |  64.3
      Orc:1 |     735 |    9997 |  93.2 |      16 |      20 |  55.6
      Orc:2 |    1099 |    5160 |  82.4 |      10 |      17 |  63.0
    Abyss:2 |   22287 |     210 |   0.9 |      50 |       5 |   9.1
            +---------+---------+-------+---------+---------+-------
